 Dungeon Crawl Stone Soup version 0.21.1-1-g345015fe64 (webtiles) character file.

87 Peloso the Covered (level 4, 0/40 HPs)
             Began as a Minotaur Fighter on June 28, 2018.
             Slain by Crazy Yiuf
             ... wielding a +4 quarterstaff of chaos
              (9 damage)
             ... on level 2 of the Dungeon.
             The game lasted 00:03:02 (1458 turns).

Peloso the Covered (Minotaur Fighter)               Turns: 1458, Time: 00:03:02

Health: 0/40       AC:  8    Str: 25    XL:     4   Next: 28%
Magic:  3/3        EV:  8    Int:  5    God:
Gold:   114        SH: 10    Dex: 11    Spells: 3/3 levels left

rFire    . . .     SeeInvis .   a - +0 long sword
rCold    . . .     Gourm    .   c - +0 shield
rNeg     . . .     Faith    .   b - +0 scale mail
rPois    .         Spirit   .   (helmet restricted)
rElec    .         Reflect  .   l - +0 cloak
rCorr    .         Harm     .   (no gloves)
MR       .....                  (no boots)
Stlth    ..........             k - amulet of inaccuracy (curse)
HPRegen  0.13/turn              h - ring of wizardry
MPRegen  0.08/turn              i - ring of loudness (curse)

@: mighty, lethally poisoned (0 -> -13)
A: retaliatory headbutt, horns 2
a: no special abilities


You were on level 2 of the Dungeon.
You were not hungry.

You visited 1 branch of the dungeon, and saw 2 of its levels.

You collected 114 gold pieces.

Inventory:

Hand Weapons
 a - a +0 long sword (weapon)
Armour
 b - a +0 scale mail (worn)
 c - a +0 shield (worn)
 l - a +0 cloak (worn)
Jewellery
 h - a ring of wizardry (left hand)
 i - a cursed ring of loudness (right hand)
 k - a cursed amulet of inaccuracy (around neck)
 m - an uncursed ring of magical power {unknown}
Scrolls
 e - a scroll of teleportation
Potions
 g - 2 potions of curing
 j - 2 potions of agility
 p - 2 potions of heal wounds {unknown}
Comestibles
 f - 3 rations


   Skills:
 + Level 4.2 Fighting
 + Level 3.2 Long Blades
 + Level 4.5 Armour
 + Level 0.5 Dodging
 + Level 0.1 Stealth
 + Level 4.4 Shields


You had 3 spell levels left.
You didn't know any spells.

Dungeon Overview and Level Annotations

Branches:
Dungeon (2/15)

Altars:

Annotations:
D:2 Crazy Yiuf


Innate Abilities, Weirdness & Mutations

You reflexively headbutt those who attack you in melee.
You have a pair of horns on your head.


Message History

You headbutt Crazy Yiuf.
You riposte.
You hit Crazy Yiuf but do no damage. Your headbutt misses Crazy Yiuf.
Crazy Yiuf is heavily wounded.
You feel very mighty all of a sudden.
You feel sick. Crazy Yiuf hits you but does no damage.
You are lethally poisoned!
You closely miss Crazy Yiuf. Your headbutt misses Crazy Yiuf.
Crazy Yiuf is heavily wounded.
You feel sick. Crazy Yiuf hits you but does no damage.
You closely miss Crazy Yiuf.
Crazy Yiuf is heavily wounded.
You feel sick.
Crazy Yiuf hits you with a quarterstaff of chaos.
* * * LOW HITPOINT WARNING * * *
You hit Crazy Yiuf.
Crazy Yiuf is severely wounded.
* * * LOW HITPOINT WARNING * * *
You feel sick.
Crazy Yiuf hits you with a quarterstaff of chaos!
You die...

#.##....#.# #..).#
#.#(....... #.##.##.#.#
♣)...♣ ##.#......##
#.#####.### ♣...♣♣
#.....###### #.......# ♣♣.♣♣
#.....#..... ########### ♣.♣♣
#.....#..... #....# ♣♣.♣
#.....#..... #.#### ♣.♣♣
#.....#..... #.#..# ♣♣.♣
##'######### #....# #@#
#(.......... ###.## #.g.#
#........... #####..# #...#
#.†......... #......# #..)#
#.....(..... #.####.# #####
#........... #.####.#
#..(........
#....#.###########(..........
####.#..#....................
#.#..#....†..(............


You could see Crazy Yiuf.

Vanquished Creatures
  3 adders (D:2)
  A gnoll (D:1)
  2 worms (D:2)
  3 dart slugs (D:1)
  A leopard gecko (D:1)
  5 bats
  3 giant cockroaches (D:1)
  4 goblins
  2 hobgoblins (D:1)
  2 jackals (D:2)
  A ball python (D:1)
  3 frilled lizards
  6 kobolds
  3 rats
39 creatures vanquished.

Notes
Turn   | Place    | Note
-------+----------+-------------------------------------------
     0 | D:1      | Peloso the Minotaur Fighter began the quest for the Orb.
     0 | D:1      | Reached XP level 1. HP: 19/19 MP: 0/0
   204 | D:1      | Reached XP level 2. HP: 22/27 MP: 1/1
   274 | D:1      | Reached XP level 3. HP: 33/33 MP: 2/2
   799 | D:2      | Reached XP level 4. HP: 40/40 MP: 3/3
   907 | D:2      | Found a runed door.
  1448 | D:2      | Noticed Crazy Yiuf
  1458 | D:2      | Slain by Crazy Yiuf

Skill      XL: |  1  2  3 |
---------------+----------+-----
Armour         | 4 |  4.5
Fighting       | 4 |  4.2
Shields        | 4 |  4.4
Long Blades    | 3 |  3.2
Dodging        | |  0.5
Stealth        | |  0.1

Action                   |  1- 3 |  4- 6 || total
-------------------------+-------+-------++-------
Melee: Long sword        |    76 |    39 ||   115
       Headbutt          |     8 |     4 ||    12
  Use: Scroll            |     5 |     2 ||     7
       Potion            |       |     1 ||     1
  Eat: Chunk             |       |     2 ||     2
Armor: Scale mail        |    40 |    25 ||    65
Dodge: Dodged            |    20 |    18 ||    38
Block: Shield            |    36 |    24 ||    60
       Rpst.: Long sword |     3 |     2 ||     5
